 Dungeon Crawl Stone Soup version 0.17-a0-1691-g18a3847 (webtiles) character file.

8706 DogShitOnMyToe the Cleaver (level 11, -5/82 HPs)
             Began as a Hill Orc Fighter on Aug 20, 2015.
             Was an Elder of Yredelemnul.
             Slain by Maud
             ... wielding a +4 demon trident
              (25 damage)
             ... on level 12 of the Dungeon.
             The game lasted 00:41:45 (11958 turns).

DogShitOnMyToe the Cleaver (Hill Orc Fighter)      Turns: 11958, Time: 00:41:45

Health: -5/82      AC: 18    Str: 28    XL:     11   Next: 35%
Magic:  12/15      EV:  7    Int:  8    God:    Yredelemnul [****..]
Gold:   339        SH: 13    Dex: 10    Spells: 0 memorised, 10 levels left

rFire  . . .     SeeInvis .     a - +0 war axe
rCold  . . .     Clarity  .     l - +0 plate armour
rNeg   . . .     SustAt   .     c - +0 shield
rPois  +         Gourm    .     y - +0 helmet
rElec  .         Spirit   .     (no cloak)
rCorr  .         Warding  .     (no gloves)
rMut   .         Stasis   .     q - +0 pair of boots
MR     +....                    (no amulet)
Stlth  ..........               b - ring of poison resistance
                                C - ring of protection from magic

@: mighty, somewhat resistant to hostile enchantments, extremely unstealthy
A: no striking features
a: Animate Dead, Recall Undead Slaves, Injury Mirror, Drain Life, Renounce
Religion, Convert to Beogh


You were on level 12 of the Dungeon.
You worshipped Yredelemnul.
Yredelemnul was greatly pleased with you.
You were near starving.

You visited 1 branch of the dungeon, and saw 12 of its levels.

You collected 579 gold pieces.
You spent 240 gold pieces at shops.

Inventory:

Hand weapons
 a - a +0 war axe (weapon)
 I - the +5 trident of Fixation {freeze, rElec MP+9 Str-2 Int-4}
   (You found it on level 10 of the Dungeon)

   It has been specially enchanted to freeze those struck by it, causing extra
   injury to most foes and up to half again as much damage against particularly
   susceptible opponents.
   It can also slow down cold-blooded creatures.
   It affects your strength (-2).
   It affects your intelligence (-4).
   It insulates you from electricity.
   It affects your magic capacity (+9).
Armour
 c - a +0 shield (worn)
 l - a +0 plate armour (worn)
 q - a +0 pair of boots (worn)
 y - a +0 helmet (worn)
Jewellery
 b - a ring of poison resistance (right hand)
 f - an uncursed ring of ice
 s - a cursed -2 ring of evasion {unknown}
 w - an uncursed ring of flight {unknown}
 C - a ring of protection from magic (left hand)
 G - an uncursed ring of fire {unknown}
Magical devices
 H - a wand of magic darts (19)
 K - a wand of lightning (9)
Scrolls
 h - 3 scrolls of blinking
 i - 14 scrolls of teleportation
 j - 6 scrolls of identify
 m - a scroll of enchant weapon {unknown}
 o - 2 scrolls of recharging {unknown}
 t - 3 scrolls of enchant armour
 u - a scroll of magic mapping
 x - a scroll of fear
 D - a scroll of immolation {unknown}
 E - 2 scrolls of remove curse
 M - a scroll of noise {unknown}
 R - a scroll of fog
Potions
 d - 3 potions of might
 g - 2 potions of curing
 k - a potion of agility
 v - a potion of lignification {unknown}
 z - 2 potions of invisibility
 A - 2 potions of brilliance
 B - 2 potions of ambrosia {unknown}
 O - a potion of cancellation {unknown}
Books
 F - a book of the Dragon

   Spells                             Type                      Level
   a - Flame Tongue                   Conjuration/Fire             1
   b - Cause Fear                     Hexes                        4
   c - Bolt of Fire                   Conjuration/Fire             6
   d - Dragon Form                    Transmutation                7
   e - Dragon's Call                  Summoning                    9
 J - a book of Alchemy

   Spells                             Type                      Level
   a - Sublimation of Blood           Necromancy                   2
   b - Ignite Poison                  Fire/Transmutation/Poison    3
   c - Alistair's Intoxication        Transmutation/Poison         4
   d - Condensation Shield            Ice                          4
   e - Petrify                        Transmutation/Earth          4
   f - Irradiate                      Conjuration/Transmutation    5
 N - a book of Unlife

   Spells                             Type                      Level
   a - Recall                         Summoning/Translocation      3
   b - Animate Dead                   Necromancy                   4
   c - Control Undead                 Necromancy                   4
   d - Cigotuvi's Embrace             Necromancy                   5
   e - Death Channel                  Necromancy                   6
   f - Simulacrum                     Ice/Necromancy               6
 P - a Young Poisoner's Handbook

   Spells                             Type                      Level
   a - Sting                          Conjuration/Poison           1
   b - Cure Poison                    Poison                       2
   c - Mephitic Cloud                 Conjuration/Poison/Air       3
   d - Olgreb's Toxic Radiance        Poison                       4
   e - Venom Bolt                     Conjuration/Poison           5
Comestibles
 e - 8 bread rations
 n - 3 meat rations
 p - 3 slices of pizza
 r - a beef jerky
 L - a royal jelly


   Skills:
 - Level 3.6 Fighting
 + Level 12.4 Axes
 + Level 11.1 Armour
 + Level 10.8 Shields
 + Level 6.5 Invocations


You had 10 spell levels left.
You didn't know any spells.

Dungeon Overview and Level Annotations

Branches:
Dungeon (12/15)            Temple (0/1) D:7            Lair (0/8) D:11
    Orc (0/4) D:10

Altars:
Ashenzari
Cheibriados
Dithmenos
Elyvilon
Fedhas
Nemelex Xobeh
Okawaru
Ru
Yredelemnul
Zin

Shops:
D:5 *

Portals:
Labyrinth: D:12
Trove: D:12 (give 12 potions of heal wounds)

Annotations:
D:8 Maurice
D:12 Maud


Message History

Drink which item? (? for menu, Esc to quit)
You feel much better. You block Maud's attack.
You hit Maud.
Maud is moderately wounded.
Maud hits you with an enchanted demon trident!
Your mummy hits Maud! You closely miss Maud.
Maud is heavily wounded.
Maud hits you with an enchanted demon trident!!
* * * LOW HITPOINT WARNING * * *
Drink which item? (? for menu, Esc to quit)
You feel much better.
Your mummy completely misses Maud.
The orc priest calls down the wrath of Beogh upon you.
Something smites you!
* * * LOW HITPOINT WARNING * * *
Drink which item? (? for menu, Esc to quit)
You feel very mighty all of a sudden.
Maud hits you with an enchanted demon trident!!
You die...
Your body rises from the dead as a mindless zombie.

#####.## ###..## # #.....#
#...## ##'######### #.###
#..........# ##'######
#.....(....###.......#
#..........#.'.......#
#.........(#o#.......########
#..........#@#.M.....'.......
#..........M@#.......########
#..........######@####
#..........# #)).#
#######+#### ###.# #o# ...
..... ..o...# ..o....#


You could see Maud, an orc priest and a friendly mummy.

Vanquished Creatures
  A cyclops (D:11)
  A centaur skeleton (D:10)
  A troll (D:9)
  A two-headed ogre (D:10)
  The ghost of ifoci the Chopper, an average GrFi (D:4)
  A deep elf mage (D:12)
  The ghost of Pandaemon the Ducker, an average DrBe of Trog (D:3)
  Eustachio (D:5)
  A hungry ghost (D:10)
  A hippogriff (D:8)
  Edmund (D:5)
  3 ice beasts
  2 orc warriors
  2 sky beasts
  A wasp (D:11)
  2 phantoms
  3 black bears
  7 ogres
  2 centaurs
  A gnoll sergeant (D:7)
  4 giant frogs
  A big kobold (D:10)
  Dowan (D:7)
  A wyvern skeleton (D:3)
  4 scorpions
  14 killer bees
  2 wights (D:11)
  2 centaur zombies
  3 crimson imps
  A giant frog zombie (D:11)
  7 orc wizards
  2 jellies
  7 hounds
  3 orc priests
  8 worker ants
  A hound zombie (D:5)
  8 adders
  16 gnolls
  2 shadow imps (D:5)
  2 oozes (D:3)
  2 worms (D:2)
  6 giant geckos
  35 orcs
  4 bats
  7 giant cockroaches
  19 goblins
  4 hobgoblins
  4 jackals
  4 quokkas
  2 giant newts (D:2)
  12 kobolds
  A quokka skeleton (D:4)
  4 rats
227 creatures vanquished.

Vanquished Creatures (collateral kills)
  A centaur skeleton (D:11)
  A guardian mummy (D:12)
  A two-headed ogre (D:11)
  Grinder (D:5)
  A troll (D:12)
  Menkaure (D:4)
  A water moccasin (D:11)
  Duvessa (D:7)
  An orc warrior (D:7)
  Purgy (D:3)
  2 sky beasts
  An ice beast (D:12)
  2 centaurs
  A gnoll sergeant (D:7)
  A giant frog (D:7)
  3 scorpions
  A wight (D:11)
  7 killer bees (D:9)
  A crimson imp (D:7)
  An iguana (D:7)
  2 orc wizards
  2 worker ants
  Robin (D:4)
  A gnoll (D:7)
  7 orcs
  A hobgoblin (D:4)
  A kobold (D:3)
  A quokka (D:3)
  2 goblins (D:4)
48 creatures vanquished.

Vanquished Creatures (others)
  A wight (D:12)
  A killer bee zombie (D:8)
  An ogre zombie (D:8)
  2 hound zombies (D:5)
  An adder zombie (D:5)
  7 orc zombies
  2 gnoll zombies (D:9)
  2 goblin zombies (D:4)
  3 jackal zombies
20 creatures vanquished.

Grand Total: 295 creatures vanquished

Notes
Turn   | Place    | Note
--------------------------------------------------------------
     0 | D:1      | DogShitOnMyToe the Hill Orc Fighter began the quest for the Orb.
     0 | D:1      | Reached XP level 1. HP: 19/19 MP: 1/1
   108 | D:1      | Reached XP level 2. HP: 26/26 MP: 2/2
   665 | D:1      | Reached XP level 3. HP: 31/31 MP: 3/3
   903 | D:2      | Found a sparkling altar of Nemelex Xobeh.
   996 | D:2      | Found a basalt altar of Yredelemnul.
  1177 | D:2      | Became a worshipper of Yredelemnul the Dark
  1379 | D:2      | Reached skill level 4 in Armour
  1737 | D:2      | Reached XP level 4. HP: 25/39 MP: 4/4
  2288 | D:3      | Found a blossoming altar of Fedhas.
  2302 | D:3      | Reached XP level 5. HP: 40/45 MP: 5/5
  2365 | D:3      | Acquired Yredelemnul's first power
  2667 | D:3      | Reached skill level 1 in Invocations
  2826 | D:3      | Noticed Pandaemon's ghost (average DrBe)
  2852 | D:3      | Killed Pandaemon's ghost
  2852 | D:3      | Reached skill level 5 in Axes
  2852 | D:3      | Reached skill level 5 in Armour
  2852 | D:3      | Reached skill level 5 in Shields
  2852 | D:3      | Reached XP level 6. HP: 28/51 MP: 7/7
  3105 | D:3      | Noticed Purgy
  3117 | D:3      | Killed Purgy
  3117 | D:3      | Reached XP level 7. HP: 40/57 MP: 7/9
  3565 | D:4      | Reached skill level 6 in Axes
  3587 | D:4      | Noticed ifoci's ghost (average GrFi)
  3615 | D:4      | Killed ifoci's ghost
  3641 | D:4      | Found an iron altar of Okawaru.
  4052 | D:4      | Found a sacrificial altar of Ru.
  4294 | D:4      | Noticed Menkaure
  4301 | D:4      | Killed Menkaure
  4301 | D:4      | Reached XP level 8. HP: 19/64 MP: 11/11
  4561 | D:4      | Noticed Robin
  4568 | D:4      | Acquired Yredelemnul's second power
  4574 | D:4      | Killed Robin
  4840 | D:5      | Entered Level 5 of the Dungeon
  4858 | D:5      | Noticed Edmund
  4871 | D:5      | Reached skill level 7 in Axes
  4891 | D:5      | Killed Edmund
  5198 | D:5      | Found a snail-covered altar of Cheibriados.
  5256 | D:5      | Noticed Eustachio
  5667 | D:5      | Killed Eustachio
  5879 | D:5      | Reached skill level 8 in Axes
  6238 | D:5      | Reached XP level 9. HP: 64/70 MP: 12/12
  6292 | D:5      | Found a shattered altar of Ashenzari.
  6300 | D:5      | Found Pisanlu's General Store.
  6400 | D:5      | Bought a scroll of teleportation for 39 gold pieces
  6400 | D:5      | Bought a scroll of identify for 26 gold pieces
  6400 | D:5      | Bought a scroll of enchant armour for 97 gold pieces
  6400 | D:5      | Bought a potion of curing for 39 gold pieces
  6400 | D:5      | Bought a scroll of teleportation for 39 gold pieces
  6445 | D:5      | Noticed Grinder
  6453 | D:5      | Killed Grinder
  6656 | D:6      | Found a white marble altar of Elyvilon.
  6684 | D:6      | Found a shadowy altar of Dithmenos.
  6883 | D:6      | Reached skill level 9 in Axes
  7130 | D:7      | Found a staircase to the Ecumenical Temple.
  7353 | D:7      | Noticed Duvessa
  7356 | D:7      | Noticed Dowan
  7362 | D:7      | Killed Duvessa
  7365 | D:7      | Killed Dowan
  7477 | D:7      | Reached skill level 10 in Axes
  7708 | D:8      | Noticed Maurice
  7964 | D:8      | Reached XP level 10. HP: 72/77 MP: 13/13
  7968 | D:8      | Acquired Yredelemnul's third power
  8091 | D:8      | Found a glowing silver altar of Zin.
  8155 | D:8      | Found a sacrificial altar of Ru.
  8168 | D:8      | Noticed a five-headed hydra
  8514 | D:9      | Found a shattered altar of Ashenzari.
  8846 | D:9      | Reached skill level 11 in Axes
  9042 | D:9      | Reached skill level 10 in Armour
  9501 | D:9      | Received a gift from Yredelemnul
 10005 | D:10     | Entered Level 10 of the Dungeon
 10053 | D:10     | Reached skill level 10 in Shields
 10105 | D:10     | Found a staircase to the Orcish Mines.
 10198 | D:10     | Acquired Yredelemnul's fourth power
 10459 | D:10     | Got a scorched trident
 10460 | D:10     | Identified the +5 trident of Fixation {freeze, rElec MP+9 Str-2 Int-4} (You found it on level 10 of the Dungeon)
 10587 | D:10     | Reached skill level 5 in Invocations
 10996 | D:11     | Reached XP level 11. HP: 82/82 MP: 14/14
 11006 | D:11     | Received a gift from Yredelemnul
 11046 | D:11     | Found a staircase to the Lair.
 11056 | D:11     | Reached skill level 12 in Axes
 11171 | D:11     | Noticed a cyclops
 11184 | D:11     | Killed a cyclops
 11559 | D:12     | Found a portal to a secret trove of treasure.
 11837 | D:12     | Found a labyrinth entrance.
 11920 | D:12     | Noticed Maud
 11958 | D:12     | Slain by Maud

Vault maps used:
D:1:      dpeg_arrival_tiny_i, kennysheep_crisscross
D:2:      lemuel_coloured_pillars_altar, overflow_temple_1_default, first_bread,
          grunt_decor_cap, small_statue_intersection, minmay_misc_feat_tiny,
          nrook_uturn
D:3:      overflow_temple_1_default, uniq_purgy
D:4:      okawaru_trees_2, nicolae_overflow_hidden_temple, uniq_robin,
          uniq_menkaure
D:5:      cheibriados_altar_1, serial_shops, shop, ashenzari_altar_1,
          uniq_eustachio, uniq_edmund, uniq_grinder
D:6:      elyvilon_altar_5, lemuel_doored_altar, corner_web_ring
D:7:      temple_fountains, uniq_duvessa
D:8:      zin_treasury, basic_altar, due_unseen_surprise, uniq_maurice
D:9:      nicolae_overflow_crystal_walls
D:10:     david_orc_2
D:11:     dpeg_oklobed_lair
D:12:     lab_entry_generic, nicolae_trove_entry_path_of_doom, uniq_maud

Action                   |  1- 3 |  4- 6 |  7- 9 | 10-12 || total
-------------------------+-------+-------+-------+-------++-------
Melee: War axe           |   111 |   135 |   490 |   476 ||  1212
Invok: Animate Remains   |       |     2 |    33 |       ||    35
       Recall Undead Sla |       |       |     4 |     8 ||    12
       Animate Dead      |       |       |       |    27 ||    27
  Use: Scroll            |     3 |       |     9 |       ||    12
       Potion            |       |       |     3 |     5 ||     8
 Stab: Distracted        |       |       |     4 |     2 ||     6
  Eat: Chunk             |     3 |     3 |    17 |     2 ||    25
       Beef jerky        |       |       |     1 |       ||     1
       Bread ration      |       |       |     1 |     2 ||     3
       Meat ration       |       |       |       |     1 ||     1
